PIO (24 & UNDER)
SASKATOON SMOKIN' GUNS @ JASPER COUGARS
07/05/2023
 
TOP OF THE 1ST
Saskatoon Smokin' Guns batting - Pitching for Jasper Cougars : RHP Tsugahara Suzuki
Pitching: RHP Tsugahara Suzuki
Batting: RHB Chris Richards 0-0: Ball
1-0: DOUBLE (Line Drive, 4D)
Batting: RHB Eric Neal 0-0: Called Strike
0-1: Ball
1-1: Called Strike
1-2: Foul Ball, location: 2F
1-2: Foul Ball, location: 2F
1-2: SINGLE (Flyball, 89S)
Chris Richards to third
Runner from 3rd tries for Home, throw and OUT!
Eric Neal to second
Batting: LHB Freddy Herrera 0-0: Called Strike
0-1: Ball
1-1: Swinging Strike
1-2: Fly out, F8 (Flyball, 8LS)
Batting: LHB Del Kennedy 0-0: Ball
1-0: Called Strike
1-1: Foul Ball, location: 2F
1-2: Ball
2-2: Ball
3-2: Strikes out looking
Top of the 1st over - 0 run(s), 2 hit(s), 0 error(s), 1 left on base; Saskatoon 0 - Jasper 0
BOTTOM OF THE 1ST
Jasper Cougars batting - Pitching for Saskatoon Smokin' Guns : RHP Bernardo Romero
Pitching: RHP Bernardo Romero
Batting: LHB Jon Scott 0-0: Ball
1-0: Called Strike
1-1: Swinging Strike
1-2: Strikes out swinging
Batting: RHB Manuel Pérez 0-0: Bunt for hit - play at first, batter OUT! 3-4
Batting: RHB Jesús Hernández 0-0: Ball
1-0: Called Strike
1-1: Swinging Strike
1-2: Strikes out swinging
Bottom of the 1st over - 0 run(s), 0 hit(s), 0 error(s), 0 left on base; Saskatoon 0 - Jasper 0
TOP OF THE 2ND
Saskatoon Smokin' Guns batting - Pitching for Jasper Cougars : RHP Tsugahara Suzuki
Batting: RHB António Yánez 0-0: Ball
1-0: Ball
2-0: SINGLE (Line Drive, 78S)
Batting: RHB Pedro Núńez 0-0: Called Strike
0-1: Called Strike
0-2: Foul Ball, location: 2F
0-2: Ball
1-2: Foul Ball, location: 2F
1-2: Foul Ball, location: 2F
1-2: Strikes out swinging
Batting: RHB Oliver Harris 0-0: Called Strike
0-1: Foul Ball, location: 2F
0-2: Ball
1-2: Ball
Throwing error on steal attempt, E2
António Yánez to third
2-2: Foul Ball, location: 2F
2-2: Strikes out looking
Batting: RHB Alvin Hampton 0-0: Swinging Strike
0-1: Ball
1-1: Ball
2-1: Fly out, F5 (Popup, 5SF)
Top of the 2nd over - 0 run(s), 1 hit(s), 1 error(s), 1 left on base; Saskatoon 0 - Jasper 0
BOTTOM OF THE 2ND
Jasper Cougars batting - Pitching for Saskatoon Smokin' Guns : RHP Bernardo Romero
Batting: SHB Ron Edwards 0-0: Called Strike
0-1: Foul Ball, location: 2F
0-2: Ball
1-2: SINGLE (Line Drive, 4D)
Batting: LHB Enrique Valentín 0-0: Ball
1-0: Ball
2-0: SINGLE (Flyball, 7S)
Ron Edwards to second
Batting: RHB Dan Hooper 0-0: Fly out, F7 (Line Drive, 7M)
Batting: RHB Dave Parker 0-0: Foul Ball, location: 2F
0-1: Ball
1-1: Called Strike
1-2: Ball
2-2: Foul Ball, location: 2F
2-2: Ball
3-2: Strikes out looking
Batting: RHB Juan Vázquez 0-0: Foul Ball, location: 2F
0-1: Ball
1-1: Ball
2-1: Ball
3-1: Called Strike
3-2: Foul Ball, location: 2F
3-2: Ground out 6-3 (Groundball, 6)
Bottom of the 2nd over - 0 run(s), 2 hit(s), 0 error(s), 2 left on base; Saskatoon 0 - Jasper 0
TOP OF THE 3RD
Saskatoon Smokin' Guns batting - Pitching for Jasper Cougars : RHP Tsugahara Suzuki
Batting: RHB Jason O'Toole 0-0: Foul Ball, location: 2F
0-1: Ball
1-1: Swinging Strike
1-2: Ball
2-2: Ball
3-2: Strikes out swinging
Batting: RHB Chris Richards 0-0: Ball
1-0: Ground out 6-3 (Groundball, 6)
Batting: RHB Eric Neal 0-0: SINGLE (Groundball, 4MD)
Batting: LHB Freddy Herrera 0-0: Ball
1-0: Called Strike
1-1: Ball
2-1: Ball
3-1: DOUBLE (Line Drive, 9LM)
Eric Neal to third
Runner from 3rd tries for Home, SAFE, no throw or cutoff
Batting: LHB Del Kennedy 0-0: Ball
1-0: Foul Ball, location: 2F
1-1: Foul Ball, location: 2F
1-2: Strikes out swinging
Top of the 3rd over - 1 run(s), 2 hit(s), 0 error(s), 1 left on base; Saskatoon 1 - Jasper 0
BOTTOM OF THE 3RD
Jasper Cougars batting - Pitching for Saskatoon Smokin' Guns : RHP Bernardo Romero
Batting: RHB Greg King 0-0: Called Strike
0-1: SINGLE (Groundball, 6)
Batting: LHB Jon Scott 0-0: Ball
Greg King steals 2nd base
1-0: Called Strike
Greg King is caught stealing 3rd base
1-1: Called Strike
1-2: Strikes out swinging
Batting: RHB Manuel Pérez 0-0: Called Strike
0-1: Ball
1-1: SINGLE (Groundball, 56D)
Batting: RHB Jesús Hernández 0-0: Ball
1-0: Ball
2-0: Ball
3-0: Base on Balls
Manuel Pérez to second
Batting: SHB Ron Edwards 0-0: Ball
1-0: Called Strike
1-1: Swinging Strike
1-2: SINGLE (Groundball, 4MD)
Manuel Pérez to third
Jesús Hernández to second
Runner from 3rd tries for Home, SAFE, throw made at trailing runner, OUT at third!
Bottom of the 3rd over - 1 run(s), 3 hit(s), 0 error(s), 1 left on base; Saskatoon 1 - Jasper 1
TOP OF THE 4TH
Saskatoon Smokin' Guns batting - Pitching for Jasper Cougars : RHP Tsugahara Suzuki
Batting: RHB António Yánez 0-0: Ball
1-0: Swinging Strike
1-1: SINGLE (Line Drive, 6)
Batting: RHB Pedro Núńez 0-0: Foul Ball, location: 2F
0-1: Called Strike
0-2: Ball
1-2: Ball
2-2: Ball
3-2: Strikes out looking
António Yánez is caught stealing 2nd base
Batter strikes out.
Batting: RHB Oliver Harris 0-0: Ball
1-0: Swinging Strike
1-1: Ball
2-1: SINGLE (Flyball, 9S)
Batting: RHB Alvin Hampton 0-0: Called Strike
0-1: Ball
1-1: Ball
2-1: Fielders Choice at 2nd, U6 (Groundball, 6M)
Top of the 4th over - 0 run(s), 2 hit(s), 0 error(s), 1 left on base; Saskatoon 1 - Jasper 1
BOTTOM OF THE 4TH
Jasper Cougars batting - Pitching for Saskatoon Smokin' Guns : RHP Bernardo Romero
Batting: LHB Enrique Valentín 0-0: Ball
1-0: Ball
2-0: Foul Ball, location: 2F
2-1: Foul Ball, location: 2F
2-2: Ball
3-2: Fly out, F7 (Flyball, 78M)
Batting: RHB Dan Hooper 0-0: Swinging Strike
0-1: Swinging Strike
0-2: Ball
1-2: Strikes out swinging
Batting: RHB Dave Parker 0-0: Ball
1-0: Called Strike
1-1: Ball
2-1: Fly out, F4 (Popup, 4MD)
Bottom of the 4th over - 0 run(s), 0 hit(s), 0 error(s), 0 left on base; Saskatoon 1 - Jasper 1
TOP OF THE 5TH
Saskatoon Smokin' Guns batting - Pitching for Jasper Cougars : RHP Tsugahara Suzuki
Batting: RHB Jason O'Toole 0-0: Foul Ball, location: 2F
0-1: Ball
1-1: Swinging Strike
1-2: Ball
2-2: Strikes out swinging
Batting: RHB Chris Richards 0-0: Bunt for hit - play at first, batter OUT! 1-3
Batting: RHB Eric Neal 0-0: Ball
1-0: Foul Ball, location: 2F
1-1: Swinging Strike
1-2: Foul Ball, location: 2F
1-2: Ball
2-2: Strikes out looking
Top of the 5th over - 0 run(s), 0 hit(s), 0 error(s), 0 left on base; Saskatoon 1 - Jasper 1
BOTTOM OF THE 5TH
Jasper Cougars batting - Pitching for Saskatoon Smokin' Guns : RHP Bernardo Romero
Batting: RHB Juan Vázquez 0-0: Called Strike
0-1: Ball
1-1: Fly out, F8 (Flyball, 8LM)
Batting: RHB Greg King 0-0: Swinging Strike
0-1: Called Strike
0-2: Ball
1-2: Strikes out swinging
Batting: LHB Jon Scott 0-0: Ball
1-0: Foul Ball, location: 2F
1-1: Called Strike
1-2: Ball
2-2: Strikes out swinging
Bottom of the 5th over - 0 run(s), 0 hit(s), 0 error(s), 0 left on base; Saskatoon 1 - Jasper 1
TOP OF THE 6TH
Saskatoon Smokin' Guns batting - Pitching for Jasper Cougars : RHP Tsugahara Suzuki
Pitching: LHP Javier Galeas
Batting: LHB Freddy Herrera 0-0: Called Strike
0-1: Swinging Strike
0-2: Strikes out swinging
Batting: LHB Del Kennedy 0-0: Ball
1-0: Called Strike
1-1: Ball
2-1: Called Strike
2-2: Strikes out swinging
Batting: RHB António Yánez 0-0: Ball
1-0: Ball
2-0: Ball
3-0: Called Strike
3-1: Base on Balls
Batting: RHB Pedro Núńez 0-0: Called Strike
0-1: Ball
1-1: Called Strike
1-2: Strikes out swinging
Top of the 6th over - 0 run(s), 0 hit(s), 0 error(s), 1 left on base; Saskatoon 1 - Jasper 1
BOTTOM OF THE 6TH
Jasper Cougars batting - Pitching for Saskatoon Smokin' Guns : RHP Bernardo Romero
Batting: RHB Manuel Pérez 0-0: Foul Ball, location: 2F
0-1: Ball
1-1: Fly out, F8 (Flyball, 8RD)
Batting: RHB Jesús Hernández 0-0: Ball
1-0: Ground out 5-3 (Groundball, 56S)
Batting: SHB Ron Edwards 0-0: Swinging Strike
0-1: Ball
1-1: Called Strike
1-2: Foul Ball, location: 2F
1-2: SINGLE (Flyball, 78S)
Batting: LHB Enrique Valentín 0-0: Called Strike
0-1: Ball
1-1: Foul Ball, location: 2F
1-2: Ball
2-2: Ball
3-2: Ground out 1-3 (Groundball, 15)
Bottom of the 6th over - 0 run(s), 1 hit(s), 0 error(s), 1 left on base; Saskatoon 1 - Jasper 1
TOP OF THE 7TH
Saskatoon Smokin' Guns batting - Pitching for Jasper Cougars : LHP Javier Galeas
Batting: RHB Oliver Harris 0-0: Ball
1-0: Ball
2-0: Called Strike
2-1: Ground out U3 (Groundball, 3S)
Batting: RHB Alvin Hampton 0-0: Ball
1-0: SINGLE (Flyball, 8LS)
Pinch Hitting: RHB Steven Jennings 0-0: Reached on error, E6 (Groundball, 6)
Alvin Hampton to second
Pinch Hitting: RHB Gary Spencer 0-0: Ball
1-0: Foul Ball, location: 2F
1-1: Swinging Strike
1-2: Ball
2-2: Foul Ball, location: 2F
2-2: Strikes out looking
Batting: RHB Eric Neal 0-0: Ball
1-0: Ball
2-0: Foul Ball, location: 2F
2-1: DOUBLE (Line Drive, 7LS)
Alvin Hampton scores
Steven Jennings to third
Batting: LHB Freddy Herrera 0-0: Ball
1-0: Called Strike
1-1: Ball
2-1: SINGLE (Flyball, 9S)
Steven Jennings scores
Eric Neal to third
Runner from 3rd tries for Home, SAFE, no throw or cutoff
Batting: LHB Del Kennedy Pickoff Throw to First - Out!
Top of the 7th over - 3 run(s), 3 hit(s), 1 error(s), 0 left on base; Saskatoon 4 - Jasper 1
BOTTOM OF THE 7TH
Jasper Cougars batting - Pitching for Saskatoon Smokin' Guns : RHP Bernardo Romero
Pitching: RHP Allen Collins
Now at 1B: Steven Jennings
Now in LF: José Suárez
Batting: RHB Dan Hooper 0-0: Swinging Strike
0-1: Called Strike
0-2: Ball
1-2: Strikes out swinging
Batting: RHB Dave Parker 0-0: Ball
1-0: Foul Ball, location: 2F
1-1: Ball
2-1: Foul Ball, location: 2F
2-2: Strikes out swinging
Batting: RHB Juan Vázquez 0-0: Called Strike
0-1: Foul Ball, location: 2F
0-2: Ball
1-2: Strikes out swinging
Bottom of the 7th over - 0 run(s), 0 hit(s), 0 error(s), 0 left on base; Saskatoon 4 - Jasper 1
TOP OF THE 8TH
Saskatoon Smokin' Guns batting - Pitching for Jasper Cougars : LHP Javier Galeas
Batting: LHB Del Kennedy 0-0: Called Strike
0-1: Ball
1-1: Swinging Strike
1-2: Strikes out looking
Pitching: LHP Júlio Aguilar
Batting: RHB António Yánez 0-0: Called Strike
0-1: Ball
1-1: Called Strike
1-2: Ball
2-2: Foul Ball, location: 2F
2-2: Ball
3-2: Foul Ball, location: 2F
3-2: Base on Balls
Batting: RHB Pedro Núńez 0-0: Foul Ball, location: 2F
0-1: Swinging Strike
0-2: SINGLE (Groundball, 34D)
António Yánez to second
Runner from 2nd tries for 3rd, SAFE, throw made to third
Batting: RHB Oliver Harris 0-0: Ball
1-0: SINGLE (Groundball, 34D)
António Yánez scores
Pedro Núńez to second
Runner from 2nd tries for 3rd, SAFE, no throw or cutoff
Batting: RHB Alvin Hampton 0-0: Ball
1-0: Grounds into double play, 6-4-3 (Groundball, 6)
Top of the 8th over - 1 run(s), 2 hit(s), 0 error(s), 1 left on base; Saskatoon 5 - Jasper 1
BOTTOM OF THE 8TH
Jasper Cougars batting - Pitching for Saskatoon Smokin' Guns : RHP Allen Collins
Batting: RHB Greg King 0-0: Called Strike
0-1: Ball
1-1: Foul Ball, location: 2F
1-2: Strikes out looking
Batting: LHB Jon Scott 0-0: Foul Ball, location: 2F
0-1: Ball
1-1: Ball
2-1: Foul Ball, location: 2F
2-2: Strikes out swinging
Batting: RHB Manuel Pérez 0-0: Swinging Strike
0-1: Ground out 6-3 (Groundball, 6M)
Bottom of the 8th over - 0 run(s), 0 hit(s), 0 error(s), 0 left on base; Saskatoon 5 - Jasper 1
TOP OF THE 9TH
Saskatoon Smokin' Guns batting - Pitching for Jasper Cougars : LHP Júlio Aguilar
Batting: RHB Steven Jennings 0-0: Foul Ball, location: 2F
0-1: Called Strike
0-2: Ground out 6-3 (Groundball, 6)
Batting: LHB José Suárez 0-0: Called Strike
0-1: Foul Ball, location: 2F
0-2: Ball
1-2: Foul Ball, location: 2F
1-2: Ball
2-2: Strikes out swinging
Batting: RHB Eric Neal 0-0: Foul Ball, location: 2F
0-1: Called Strike
0-2: Ball
1-2: Strikes out swinging
Top of the 9th over - 0 run(s), 0 hit(s), 0 error(s), 0 left on base; Saskatoon 5 - Jasper 1
BOTTOM OF THE 9TH
Jasper Cougars batting - Pitching for Saskatoon Smokin' Guns : RHP Allen Collins
Pitching: RHP Clayton Hawkins
Batting: RHB Jesús Hernández 0-0: Ball
1-0: Called Strike
1-1: Ball
2-1: Foul Ball, location: 2F
2-2: Foul Ball, location: 2F
2-2: Foul Ball, location: 2F
2-2: Foul Ball, location: 2F
2-2: Ball
3-2: SINGLE (Groundball, 6MD)
Batting: SHB Ron Edwards 0-0: Ball
1-0: Foul Ball, location: 2F
1-1: Swinging Strike
1-2: Foul Ball, location: 2F
1-2: Foul Ball, location: 2F
1-2: Strikes out swinging
Batting: LHB Enrique Valentín 0-0: Called Strike
0-1: TRIPLE (Line Drive, 7LM)
Jesús Hernández scores
Batting: RHB Dan Hooper 0-0: DOUBLE (Flyball, 78M)
Enrique Valentín scores
Batting: RHB Dave Parker 0-0: Ball
1-0: SINGLE (Groundball, 6D)
Dan Hooper to third
Batting: RHB Juan Vázquez 0-0: Foul Ball, location: 2F
0-1: Ball
1-1: Ball
2-1: Ball
3-1: Base on Balls
Dave Parker to second
Batting: RHB Greg King 0-0: Called Strike
0-1: Swinging Strike
0-2: Foul Ball, location: 2F
0-2: Strikes out swinging
Batting: LHB Jon Scott 0-0: Ball
1-0: Called Strike
1-1: Called Strike
1-2: Foul Ball, location: 2F
1-2: Strikes out looking
Bottom of the 9th over - 2 run(s), 4 hit(s), 0 error(s), 3 left on base; Saskatoon 5 - Jasper 3
This league is powered by Out of the Park Baseball, the baseball management simulation game for PC, Mac and Linux
Wednesday, December 2nd, 2015 - OOTP Baseball 16.8 Build 38